 Dungeon Crawl Stone Soup version 0.29.1-15-g9cfb28693d (webtiles) character file.

Game seed: 8109841485849442538

115369 LLlMATKO the Severer (level 16, 0/155 HPs)
             Began as a Minotaur Berserker on Apr 28, 2023.
             Was the Champion of Trog.
             Slain by a merfolk
             ... wielding a +0 trident
             ... led by Ilsuiw
              (12 damage)
             ... on level 2 of the Shoals.
             The game lasted 00:27:45 (25670 turns).

LLlMATKO the Severer (Minotaur Berserker)          Turns: 25670, Time: 00:27:46

Health: 0/155      AC: 24    Str: 28    XL:     16   Next: 18%
Magic:  15/15      EV: 15    Int:  7    God:    Trog [******]
Gold:   3277       SH: 16    Dex: 12    Spells: 15/15 levels left

rFire   + . .      SeeInvis +   L - +8 war axe "Gybaakon" {flame, Drain rCorr Int+3 SInv}
rCold   + . .      Faith    .   O - +0 tower shield
rNeg    . . .      Spirit   .   V - +1 plate armour
rPois   .          Reflect  .   (helmet restricted)
rElec   .          Harm     .   o - scarf {rC+ rF+}
rCorr   +          Rampage  .   g - +2 pair of gloves
Will    +....                   n - +0 pair of boots
Stlth   ..........              T - amulet of regeneration
HPRegen 1.15/turn               B - +4 ring of evasion
MPRegen 0.14/turn               k - +4 ring of slaying

@: mesmerised, studying Ranged Weapons, very slow
A: horns 2, retaliatory headbutt
a: Renounce Religion, Berserk, Trog's Hand, Brothers in Arms


You were on level 2 of the Shoals.
You worshipped Trog.
Trog was exalted by your worship.
You visited 4 branches of the dungeon, and saw 24 of its levels.
You also visited: Ice Cave.

You collected 3277 gold pieces.

Inventory:

Hand Weapons
 a - a +0 hand axe
 e - the +8 executioner's axe "Hytu" {vorpal, rElec}
   (Trog gifted it to you on level 14 of the Dungeon)

   It inflicts extra damage upon your enemies.
   rElec:     It insulates you from electricity.
 u - the +9 war axe of Gallantry {antimagic, Str+2}
   (Trog gifted it to you on level 2 of the Orcish Mines)

   It reduces the magical energy of the wielder, and disrupts the spells and
   magical abilities of those it strikes.
   Natural abilities and divine invocations are not affected.
   Str:       It affects your strength (+2).
 E - a +7 antimagic battleaxe
 L - the +8 war axe "Gybaakon" (weapon) {flame, Drain rCorr Int+3 SInv}
   (You found it on level 7 of the Dungeon)

   It burns those it strikes, dealing additional fire damage.
   Big, fiery blades are also staple armaments of hydra-hunters.
   Int:       It affects your intelligence (+3).
   SInv:      It lets you see invisible.
   rCorr:     It protects you from acid and corrosion.
   Drain:     It drains your maximum health when unequipped.
Missiles
 h - 20 poisoned darts (quivered)
 i - 8 javelins
 z - 3 throwing nets
 F - 10 boomerangs
 K - 9 boomerangs of dispersal
 Q - 5 atropa-tipped darts
 X - 3 curare-tipped darts
Armour
 g - a +2 pair of gloves (worn)
 n - a +0 pair of boots (worn)
 o - a scarf of resistance (worn)
 O - a +0 tower shield (worn)
 V - a +1 plate armour (worn)
Jewellery
 b - a +6 ring of strength
 k - a +4 ring of slaying (right hand)
 w - an amulet of faith
 y - a +4 ring of evasion
 B - a +4 ring of evasion (left hand)
 C - an amulet of the acrobat
 J - a ring of see invisible
 R - a +6 ring of strength
 S - an amulet of guardian spirit
 T - an amulet of regeneration (around neck)
 Y - a ring of protection from cold
Wands
 m - a wand of mindburst (14)
 G - a wand of quicksilver (33)
 I - a wand of flame (33)
 N - a wand of paralysis (35)
 P - a wand of roots (20)
Scrolls
 c - 6 scrolls of teleportation
 d - 2 scrolls of enchant weapon
 j - 5 scrolls of identify
 t - 7 scrolls of butterflies
 A - a scroll of blinking
 D - a scroll of summoning
 W - 2 scrolls of enchant armour
 Z - 2 scrolls of fear
Potions
 f - 6 potions of flight
 l - 2 potions of invisibility
 p - 6 potions of haste
 q - 2 potions of magic
 r - 2 potions of cancellation
 s - 18 potions of curing
 v - 3 potions of berserk rage
 x - 3 potions of might
 H - a potion of ambrosia
 M - 5 potions of heal wounds
 U - a potion of resistance


   Skills:
 + Level 17.2 Fighting
 + Level 17.2 Axes
 + Level 17.0 Armour
 + Level 15.7 Dodging
 + Level 10.5 Shields


You had 15 spell levels left.
You didn't know any spells.
Your spell library was empty.

Dungeon Overview and Level Annotations

Branches:
Dungeon (15/15)            Temple (0/1) D:6            Lair (5/5) D:9
 Shoals (2/4) Lair:2       Spider (0/4) Lair:3        Slime (0/5) Lair:4
    Orc (2/2) D:12            Elf (0/3) Orc:2        Vaults (0/5) D:14
 Depths (0/4) D:15          IceCv (visited)

Altars:
Ashenzari
Fedhas
Gozag
Hepliaklqana
Okawaru
Sif Muna
Trog
Uskayaw
Wu Jian
Zin
Jiyva

Shops:
D:8 *   D:11 (   D:12 (   D:13 [   D:15 ?   Orc:2 (*=[   Shoals:1 *
Shoals:2 :

Annotations:
D:8 2 transporters


Innate Abilities, Weirdness & Mutations

You have a pair of horns on your head.
You reflexively headbutt those who attack you in melee.


Message History

The merfolk closely misses you. You block the merfolk impaler's attack.
The merfolk impaler hits you but does no damage.
The merfolk siren chants its luring song.
Ilsuiw hits you with a +2 trident of freezing.
* * * LOW HITPOINT WARNING * * *
Ilsuiw freezes you.
* * * LOW HITPOINT WARNING * * *
The merfolk siren chants its luring song.
You slash Ilsuiw! You burn Ilsuiw.
Ilsuiw is severely wounded.
You block the merfolk's attack.
The merfolk impaler hits you from afar with a +7 trident of holy wrath!
* * * LOW HITPOINT WARNING * * *
The merfolk siren chants its luring song.
You block the merfolk siren's attack. Ilsuiw barely misses you.
The merfolk impaler closely misses you.
You slice Ilsuiw!! You burn Ilsuiw! You headbutt Ilsuiw!
You kill Ilsuiw!
Trog accepts your kill.
Trog appreciates your killing of a magic user.
You hear a splash. x4
The merfolk hits you but does no damage.
The merfolk impaler hits you but does no damage.
The merfolk siren chants its luring song. x2
Your Armour skill increases to level 17!
You block the merfolk's attack. The merfolk impaler barely misses you.
The merfolk siren chants its luring song.
The merfolk impaler hits you from afar with a +7 trident of holy wrath.
* * * LOW HITPOINT WARNING * * *
The merfolk siren hits you but does no damage.
You block the merfolk's attack. The merfolk impaler misses you.
Items here: ! $ ) [.
You cannot move away from the merfolk siren!
The merfolk siren chants its luring song.
The merfolk impaler completely misses you.
The merfolk siren chants its luring song.
You block the merfolk's attack. You block the merfolk impaler's attack.
The merfolk siren chants its luring song.
The merfolk siren barely misses you. The merfolk hits you with a +0 trident!
You die...

~~...~~~. ~~~ ~~~.~≈~..
~~~~.. ~~~~≈≈~~.##..#..~~
~≈≈~≈≈~~##..##..~~≈
~≈≈≈≈~~~......>~~~≈≈
~≈≈≈~~~~~)...~~~~~≈≈≈≈
~≈≈≈~~mmmm~~~.~~~~≈≈≈≈≈
~≈≈≈~~~@~~~~~~~~~≈≈≈≈≈≈≈
~≈~~~≈≈≈~~~)~.~~~~~~≈≈≈≈≈≈≈≈
~~~~~≈≈≈~..##)~~~~~≈≈≈≈≈≈≈≈≈
~~≈≈≈≈≈≈~.###.~~~≈≈≈≈≈≈≈≈≈≈≈
~≈≈≈≈≈≈~~.....~~~≈≈≈≈≈≈≈≈≈≈≈
≈≈≈≈≈~~~~~...~~..~~~~≈≈≈≈≈≈≈
≈≈≈≈≈~~~~~.(.~....~~~~≈~~~≈≈
≈≈≈~~~~~~..........~...#..~≈
≈≈~###†..<............##..~≈


You could see a merfolk impaler, a merfolk and 2 merfolk sirens.

Vanquished Creatures
  Rupert (D:14)
  Agnes (D:15)
  Ilsuiw (Shoals:2)
  An orc warlord (Orc:2)
  Louise (D:15)
  Azrael (D:12)
  2 dire elephants (Lair:5)
  A merfolk javelineer (Shoals:2)
  An ettin (Orc:1)
  2 crystal guardians (D:13)
  2 ice dragons (D:15)
  4 catoblepae
  5 hydras
  An ogre mage (D:13)
  3 two-headed ogres
  2 ironbound frosthearts (IceCv)
  4 boulder beetles
  Erica (D:8)
  5 centaur warriors
  12 death yaks
  A tengu warrior (D:9)
  2 orc high priests (Orc:2)
  Sonja (D:13)
  Nergalle (D:11)
  7 skeletal warriors
  Lodul (D:12)
  2 sea snakes
  An orange crystal statue (D:13)
  Pikel (D:8)
  2 lindwurms
  3 orc sorcerers
  3 deep elf pyromancers
  5 orc knights
  2 cyclopes
  15 ugly things
  An oklob plant (Lair:1)
  4 manticores
  An ice statue (IceCv)
  18 elephants
  6 black mambas
  2 water nymphs
  10 cane toads
  A merfolk siren (Lair:2)
  A gargoyle (D:12)
  Maggie (D:8)
  2 unseen horrors
  2 rime drakes
  An efreet (D:14)
  A kobold demonologist (D:10)
  A yaktaur (shapeshifter) (D:15)
  14 komodo dragons
  2 tengu conjurers (D:14)
  A freezing wraith (D:14)
  5 trolls
  2 merfolk (Shoals:1)
  12 polar bears (IceCv)
  A wind drake (Shoals:2)
  A hornet (D:9)
  3 meliai (D:13)
  A raiju (shapeshifter) (D:13)
  Grinder (D:3)
  7 slime creatures
  21 blink frogs
  2 dream sheep (Lair:5)
  A snapping turtle (Shoals:2)
  Sigmund (D:6)
  2 shadows
  5 centaur simulacra (D:10)
  A culicivora (shapeshifter) (D:15)
  A water elemental (Shoals:1)
  4 basilisks
  9 wyverns
  3 wraiths
  3 fire elementals (D:12)
  52 yaks
  2 steam dragons
  4 redbacks (Lair:3)
  16 humans (D:14)
  3 vampire mosquitoes (D:13)
  Edmund (D:5)
  A warg (Orc:2)
  5 acid dragons
  19 water moccasins
  32 orc warriors
  A hell hound (D:12)
  3 ice beasts
  3 sky beasts
  2 meliai simulacra (D:10)
  2 black bears
  13 ogres
  18 wolves
  6 centaurs
  3 lemures (D:8)
  2 phantoms
  4 kobold brigands
  3 necrophages
  16 bullfrogs
  2 scorpions
  20 wights
  9 killer bees
  5 howler monkeys (D:10)
  2 electric eels (Lair:1)
  4 hounds
  5 jellies
  14 orc priests
  3 gnoll boudas
  5 iguanas
  17 orc wizards
  Robin (D:4)
  24 gnolls
  9 adders
  A shadow imp (D:6)
  9 white imps
  A howler monkey simulacrum (D:10)
  2 ufetubi
  3 worms (D:4)
  5 dart slugs
  69 orcs
  9 endoplasms
  2 giant cockroaches (D:1)
  15 goblins
  13 hobgoblins
  3 jackals (D:4)
  3 quokkas
  4 ball pythons
  5 bats
  2 frilled lizards
  25 kobolds
  5 rats
  A butterfly (D:6)
761 creatures vanquished.

Vanquished Creatures (others)
  A jelly (D:5)
  22 fungi
  48 plants
  11 toadstools (Lair:1)
82 creatures vanquished.

Grand Total: 843 creatures vanquished

Notes
Turn   | Place    | Note
-------+----------+-------------------------------------------
     0 | D:1      | LLlMATKO the Minotaur Berserker began the quest for the
                  | Orb.
     0 | D:1      | Reached XP level 1. HP: 19/19 MP: 0/0
   317 | D:1      | Reached XP level 2. HP: 24/27 MP: 1/1
   566 | D:1      | Found a faded altar of an unknown god.
  1047 | D:2      | Reached XP level 3. HP: 31/33 MP: 2/2
  1079 | D:2      | Reached ** piety under Trog
  1762 | D:3      | Noticed Grinder
  1772 | D:3      | Killed Grinder
  1773 | D:3      | Reached skill level 5 in Fighting
  1773 | D:3      | Reached skill level 5 in Axes
  1773 | D:3      | Reached XP level 4. HP: 40/42 MP: 3/3
  1773 | D:3      | Reached XP level 5. HP: 46/48 MP: 4/4
  2033 | D:3      | Reached XP level 6. HP: 56/56 MP: 5/5
  2099 | D:3      | Found an opulent altar of Gozag.
  2392 | D:4      | Noticed Robin
  2400 | D:4      | Reached *** piety under Trog
  2403 | D:4      | Killed Robin
  2433 | D:4      | Identified the +4 quarterstaff of Discomfort {freeze, rElec
                  | MP+9 Str+4 Stlth+}
  2736 | D:4      | Noticed a sky beast
  2756 | D:4      | Reached XP level 7. HP: 60/62 MP: 6/6
  2760 | D:4      | Reached skill level 5 in Armour
  3272 | D:5      | Entered Level 5 of the Dungeon
  3286 | D:5      | Reached skill level 5 in Dodging
  3312 | D:5      | Reached XP level 8. HP: 42/71 MP: 7/7
  3520 | D:5      | Noticed Edmund
  3536 | D:5      | Killed Edmund
  3968 | D:5      | Found a blossoming altar of Fedhas.
  4357 | D:6      | Reached **** piety under Trog
  4820 | D:6      | Found a staircase to the Ecumenical Temple.
  4924 | D:6      | Reached XP level 9. HP: 78/81 MP: 8/8
  5237 | D:6      | Found an iron altar of Okawaru.
  5318 | D:6      | Noticed Sigmund
  5336 | D:6      | Killed Sigmund
  5484 | D:7      | Identified the +8 war axe "Gybaakon" {flame, Drain rCorr
                  | Int+3 SInv}
  5847 | D:7      | Noticed an unseen horror
  5848 | D:7      | Found a large runed translucent door.
  5848 | D:7      | Noticed a seven-headed hydra
  5850 | D:7      | Found a large runed translucent door.
  5854 | D:7      | Found a large runed translucent door.
  5854 | D:7      | Found a large runed translucent door.
  5887 | D:7      | Noticed a boulder beetle
  5895 | D:7      | Killed a boulder beetle
  6331 | D:7      | Reached XP level 10. HP: 91/91 MP: 9/9
  6616 | D:7      | Found a hide-covered altar of Uskayaw.
  6844 | D:7      | Found a bloodstained altar of Trog.
  7231 | D:7      | Found a large runed translucent door.
  7231 | D:7      | Found a large runed translucent door.
  7398 | D:7      | Found a hide-covered altar of Uskayaw.
  7754 | D:7      | Found a bloodstained altar of Trog.
  7853 | D:7      | Killed a four-headed hydra
  8022 | D:8      | Reached skill level 10 in Fighting
  8025 | D:8      | Reached skill level 10 in Axes
  8124 | D:8      | Found a transporter.
  8209 | D:8      | Noticed Erica
  8219 | D:8      | Killed Erica
  8383 | D:8      | Found a transporter.
  8479 | D:8      | Noticed Pikel
  8487 | D:8      | Killed Pikel
  8488 | D:8      | Reached skill level 10 in Armour
  8546 | D:8      | Reached ***** piety under Trog
  8582 | D:8      | You fall into a shaft and drop 3 floors!
  8594 | D:11     | Noticed Nergalle
  8600 | D:11     | Received a gift from Trog
  8605 | D:11     | Killed Nergalle
  8606 | D:11     | Reached XP level 11. HP: 101/101 MP: 10/10
  8670 | D:10     | Entered Level 10 of the Dungeon
  8930 | D:9      | Reached skill level 10 in Dodging
  9024 | D:9      | Noticed a tengu warrior
  9030 | D:9      | Found a staircase to the Lair.
  9070 | D:8      | Noticed Maggie
  9075 | D:8      | Killed Maggie
  9223 | D:8      | Found Ciott's Elemental Accessories.
  9251 | D:8      | Found a broken altar of Ashenzari.
  9259 | D:8      | Found a shimmering blue altar of Sif Muna.
  9262 | D:8      | Found an ornate altar of the Wu Jian Council.
  9837 | D:9      | Killed a tengu warrior
 10304 | D:9      | Found a staircase to the Lair.
 10644 | D:10     | Noticed a two-headed ogre
 10652 | D:10     | Killed a two-headed ogre
 11000 | D:10     | Noticed a two-headed ogre
 11007 | D:10     | Killed a two-headed ogre
 11427 | D:10     | Identified the +1 ring mail of the Hidden Vale {SInv}
 11680 | D:11     | Found Zoffe's Weapon Emporium.
 11709 | D:11     | Reached XP level 12. HP: 113/113 MP: 11/11
 11969 | D:11     | Found a hazy altar of Hepliaklqana.
 12333 | D:12     | Found a staircase to the Orcish Mines.
 12340 | D:12     | Found Ariuthos's Weapon Emporium.
 12399 | D:12     | Noticed a centaur warrior
 12405 | D:12     | Killed a centaur warrior
 12683 | D:12     | Found a glowing silver altar of Zin.
 12727 | D:12     | Noticed Lodul
 12739 | D:12     | Received a gift from Trog
 12742 | D:12     | Killed Lodul
 12895 | D:12     | Noticed Azrael
 12902 | D:12     | Killed Azrael
 13196 | Lair:1   | Entered Level 1 of the Lair of Beasts
 13441 | Lair:1   | Reached XP level 13. HP: 104/123 MP: 12/12
 13673 | Lair:1   | Identified the +1 leather armour of Disguise {Rampage}
 14005 | Lair:1   | Found a runed translucent door.
 14478 | Lair:2   | Reached skill level 1 in Shields
 14565 | Lair:2   | Found a frozen archway.
 14577 | IceCv    | Entered an ice cave
 14682 | IceCv    | Identified the +8 falchion of Ahaych {drain, *Rage rPois
                  | SInv}
 14772 | IceCv    | Received a gift from Trog
 15321 | IceCv    | Reached skill level 5 in Shields
 15321 | IceCv    | Reached XP level 14. HP: 124/133 MP: 13/13
 15732 | Lair:2   | Found a hide-covered altar of Uskayaw.
 15877 | Lair:2   | Reached skill level 15 in Fighting
 15969 | Lair:2   | Found a staircase to the Shoals.
 15986 | Lair:2   | Reached skill level 15 in Axes
 16232 | Lair:3   | Found a hole to the Spider Nest.
 17397 | Lair:4   | Reached ****** piety under Trog
 17398 | Lair:4   | Reached skill level 15 in Armour
 17604 | Lair:4   | Found a staircase to the Slime Pits.
 17605 | Lair:4   | Found a viscous altar of Jiyva.
 18349 | Lair:5   | Entered Level 5 of the Lair of Beasts
 19110 | Lair:5   | Reached XP level 15. HP: 144/144 MP: 14/14
 20230 | Orc:1    | Entered Level 1 of the Orcish Mines
 20237 | Orc:1    | Received a gift from Trog
 20246 | Orc:1    | Found a bloodstained altar of Trog.
 20315 | Orc:2    | Entered Level 2 of the Orcish Mines
 20319 | Orc:2    | Found a staircase to the Elven Halls.
 20545 | Orc:2    | Found Xausinaj's Jewellery Shop.
 20598 | Orc:2    | Found Peschieng's Antique Armour Shoppe.
 20841 | Orc:2    | Found Veezux's Antique Weapon Emporium.
 20841 | Orc:2    | Noticed an orc warlord
 20851 | Orc:2    | Killed an orc warlord
 20851 | Orc:2    | Identified the +9 war axe of Gallantry {antimagic, Str+2}
                  | (Trog gifted it to you on level 2 of the Orcish Mines)
 20851 | Orc:2    | Received a gift from Trog
 21111 | Orc:2    | Found Lenu's General Store.
 21819 | D:13     | Found a runed translucent door.
 21999 | D:13     | Found Ockafuly's Armour Emporium.
 22163 | D:13     | Noticed Sonja
 22167 | D:13     | Killed Sonja
 22168 | D:13     | Reached skill level 15 in Dodging
 22272 | D:13     | Found the +7 Spriggan's Knife {stab, EV+4 Stlth+}
 22715 | D:13     | Identified the +1 robe "Ibicleoh" {Contam rC+ rCorr
                  | Archmagi}
 22718 | D:13     | Identified the +5 ring mail of the Eternal Fruit {rF+ rC+
                  | Dex+2}
 22762 | D:14     | Noticed Rupert
 22762 | D:14     | Found a gate to the Vaults.
 22767 | D:14     | Identified the +8 executioner's axe "Hytu" {vorpal, rElec}
                  | (Trog gifted it to you on level 14 of the Dungeon)
 22767 | D:14     | Received a gift from Trog
 22780 | D:14     | Killed Rupert
 23624 | D:15     | Entered Level 15 of the Dungeon
 23769 | D:15     | Reached skill level 10 in Shields
 23793 | D:15     | Found a staircase to the Depths.
 24057 | D:15     | Reached XP level 16. HP: 120/155 MP: 15/15
 24091 | D:15     | Found Dubbitorph's Magic Scroll Emporium.
 24274 | D:15     | Noticed Louise
 24284 | D:15     | Killed Louise
 24375 | D:15     | Received a gift from Trog
 24643 | D:15     | Noticed Agnes
 24651 | D:15     | Killed Agnes
 24950 | Shoals:1 | Entered Level 1 of the Shoals
 25046 | Shoals:1 | Found Ladi Gua's Gadget Gallery.
 25520 | Shoals:2 | Found Uplasogh's Book Emporium.
 25606 | Shoals:2 | Identified the +7 rapier of Eternal Vigilance {vorpal, MP+9
                  | Str+3}
 25644 | Shoals:2 | Noticed Ilsuiw
 25668 | Shoals:2 | Killed Ilsuiw
 25670 | Shoals:2 | Slain by a merfolk

Illustrated notes

Levels and vault maps discovered:
D:1:      kennysheep_arrival_forest, layout_basic,
          nicolae_ecumenical_lake_church
D:2:      layout_basic
D:3:      layout_rooms, mainiacjoe_overflow_concentric_impassable,
          kennysheep_boxes, uniq_grinder
D:4:      kennysheep_goblin_castle, layout_basic, chequers_mini_garden,
          minivault_24, nicolae_grassy_gnolls
D:5:      layout_basic, nicolae_overflow_crystal_walls,
          kennysheep_generic_room_6, uniq_edmund
D:6:      layout_loops_ring, okawaru_altar_gauntlet_db,
          minmay_temple_entry_butterflies, sigmund_army
D:7:      layout_loops_corners, general_overflow_altar, lemuel_tele_altar,
          minmay_hollow_rounded_squares
D:8:      layout_basic, grunt_temple_overflow_diamond, nicolae_elemental_shop,
          nicolae_diode_stairs, uniq_pikel, uniq_erica, uniq_maggie
D:9:      layout_basic, david_lair_generic, kennysheep_generic_room_15
D:10:     layout_big_octagon, serial_ice, serial_ice_k, serial_ice_h,
          serial_ice_g, serial_ice_d, serial_ice_b, serial_ice_e, serial_ice_c,
          serial_ice_m, st_stairs_11, kennysheep_generic_room_10
D:11:     layout_small_grid, serial_shops, nicolae_shop_bloodbath_and_beyond,
          nicolae_hepliaklqana_hazy_memory, uniq_nergalle
D:12:     layout_loops_ring, orc_david_3, zin_statuary, uniq_azrael, uniq_lodul
D:13:     layout_basic, serial_shops, shop, minmay_crystal_box, uniq_sonja
D:14:     layout_gridville, david_vaults_3
D:15:     grunt_enter_depths_hoard, layout_stronghold, serial_shops,
          nicolae_shop_crystal, uniq_louise, uniq_agnes
Lair:1:   gammafunk_lair_enchanted_lake, layout_regular_city,
          dpeg_stationary_puzzle
Lair:2:   layout_regular_city, minmay_shoals_entry_lonely_mermaid,
          portal_ice_cave_entry_pillars_1, basic_altar
Lair:3:   layout_cave_pods, spider_nest_entry_webs, grunt_megastairs_3
Lair:4:   layout_cave_pods, slime_entry_1
Lair:5:   hangedman_lair_in_review, layout_hall_layers, patterned_corridor,
          uniq_rupert
Shoals:1: layout_shoals, nicolae_shop_gadgets
Shoals:2: layout_shoals, nicolae_stop_n_shop_2, nicolae_shoals_enchanted_isle,
          uniq_ilsuiw
Orc:1:    layout_caves, basic_altar
Orc:2:    grunt_orc_gardens, layout_caves, grunt_orc_garden, grunt_orc_garden,
          grunt_orc_garden, grunt_orc_garden

Skill      XL: |  1  2  3  4  5  6  7  8  9 10 11 12 13 14 15 16 |
---------------+-------------------------------------------------+-----
Axes           | 4 5 6 7 9 10 12 13 14 15 17 | 17.2
Fighting       | 4 5 6 7 9 10 12 13 14 16 17 | 17.2
Armour         | 3 4 5 7 9 10 12 13 14 15 16 17 | 17.0
Dodging        | 3 4 5 6 8 9 11 12 13 14 15 | 15.7
Shields        | 5 8 10 | 10.5

Action                   |  1- 3 |  4- 6 |  7- 9 | 10-12 | 13-15 | 16-18 || total
-------------------------+-------+-------+-------+-------+-------+-------++-------
Melee: Hand axe          |    86 |    64 |    90 |       |       |       ||   240
       Headbutt          |    12 |    12 |    50 |    84 |   190 |    19 ||   367
       Punch             |       |     1 |     1 |     4 |       |       ||     6
       Dire flail        |       |       |    67 |       |       |       ||    67
       War axe           |       |       |    44 |   361 |   782 |    94 ||  1281
Throw: Dart              |       |       |     3 |       |     3 |       ||     6
Invok: Berserk           |     1 |     1 |     2 |     8 |     8 |     1 ||    21
       Trog's Hand       |       |       |       |     1 |       |       ||     1
  Use: Scroll            |       |       |       |     3 |    26 |     4 ||    33
 Stab: Petrified         |       |       |       |       |     3 |       ||     3
       Petrifying        |       |       |       |       |     1 |       ||     1
Armor: Scale mail        |    36 |    16 |    10 |       |       |       ||    62
       Chain mail        |       |       |    82 |    50 |       |       ||   132
       Plate armour      |       |       |       |   105 |   285 |    27 ||   417
       Ring mail         |       |       |       |       |    25 |       ||    25
Dodge: Dodged            |    56 |    61 |   116 |   240 |   471 |    41 ||   985
Block: Kite shield       |       |       |       |       |   349 |     4 ||   353
       Tower shield      |       |       |       |       |       |    60 ||    60
